 Dungeon Crawl Stone Soup version 0.31-a0-473-g61b50ae490 (webtiles) character file.

Game seed: 11832504805897364405

2195 xSliceyx the Conjurer (level 9, -8/63 HPs)
             Began as a Demonspawn Conjurer on Aug 6, 2023.
             Mangled by a two-headed ogre
             ... wielding a +0 giant club
              (13 damage)
             ... on level 6 of the Dungeon.
             The game lasted 00:42:44 (7101 turns).

xSliceyx the Conjurer (Demonspawn Conjurer)         Turns: 7101, Time: 00:42:44

Health: -8/63      AC:  7    Str:  8    XL:     9   Next: 12%
Magic:  7/28       EV: 11    Int: 23    God:
Gold:   167        SH:  7    Dex: 12    Spells: 4/22 levels left

rFire   . . .        s - +5 dagger (venom)
rCold   . . .        F - +2 buckler
rNeg    . . .        a - +0 robe
rPois   +            E - +1 helmet
rElec   .            k - +0 cloak
rCorr   .            (no gloves)
SInv    .            (no boots)
Will    .....        J - amulet of the acrobat
Stlth   ++           q - ring of poison resistance
HPRegen 0.30/turn    G - ring of magical power
MPRegen 0.21/turn

%: acrobat
@: no status effects
A: hooves 2, icy blue scales 1, foul stench 1, demonic magic 1
a: no special abilities


You were on level 6 of the Dungeon.
You visited 1 branch of the dungeon, and saw 6 of its levels.
You also visited: Sewer.

You collected 497 gold pieces.
You spent 330 gold pieces at shops.

Inventory:

Hand Weapons
 d - a +0 whip
 j - a +2 spear of freezing
 s - a +5 dagger of venom (weapon)
 C - a +1 long sword of draining
Missiles
 y - 2 poisoned darts
Armour
 a - a +0 robe (worn)
 k - a +0 cloak (worn)
 E - a +1 helmet (worn)
 F - a +2 buckler (worn)
Jewellery
 q - a ring of poison resistance (left hand)
 G - a ring of magical power (right hand)
 J - an amulet of the acrobat (around neck)
Wands
 v - a wand of iceblast (4)
 H - a wand of polymorph (8)
Scrolls
 c - 4 scrolls of identify
 f - 2 scrolls of poison {unknown}
 h - 2 scrolls of noise {unknown}
 i - 5 scrolls of teleportation {unknown}
 m - a scroll of revelation
 n - a scroll of amnesia {unknown}
 r - a scroll of silence {unknown}
 t - a scroll of enchant armour {unknown}
 u - a scroll of fog {unknown}
 x - a scroll of acquirement {unknown}
 D - a scroll of vulnerability {unknown}
Potions
 b - 4 potions of magic
 e - 2 potions of ambrosia {unknown}
 g - 2 potions of heal wounds
 l - 3 potions of enlightenment
 o - a potion of degeneration {unknown}
 p - a potion of lignification {unknown}
 w - a potion of haste {unknown}
 z - 4 potions of mutation
 A - a potion of brilliance {unknown}
 B - 4 potions of might
 I - 2 potions of curing {unknown}


   Skills:
 - Level 3.0 Fighting
 + Level 1.7 Dodging
 - Level 1.7 Stealth
 - Level 5.0 Shields
 - Level 7.0 Spellcasting
 - Level 7.1 Conjurations
 - Level 2.0 Hexes
 - Level 2.0 Necromancy
 - Level 2.0 Translocations


You had 4 spell levels left.
You knew the following spells:

 Your Spells              Type           Power      Damage    Failure   Level
a - Magic Dart            Conj           100%       1d8       1%          1
b - Searing Ray           Conj           80%        2d7       1%          2
c - Sublimation of Blood  Necr           17%        N/A       8%          2
d - Passwall              Tmut/Erth      6%         N/A       17%         2
e - Fulminant Prism       Conj/Hex       14%        3d9       17%         4
f - Dazzling Flash        Conj/Hex       58%        N/A       5%          3
g - Iskenderun's Mystic   Conj/Tloc      29%        2d7       17%         4

Your spell library contained the following spells:

 Spells                   Type           Power      Damage    Failure   Level
 Stone Arrow              Conj/Erth      48%        3d10      8%          3
 Sandblast                Erth           16%        2d6       11%         1
 Petrify                  Tmut/Erth      8%         N/A       73%         4
 Irradiate                Conj/Tmut      12%        3d15      58%         5


Dungeon Overview and Level Annotations

Branches:
Dungeon (6/15)              Sewer (visited)
 Temple: D:4-7

Altars:
Ashenzari
Fedhas
Qazlal

Shops:
D:1 (!=

Annotations:
D:3 2 transporters, LeprechaunX's ghost, amateur OpSh
D:5 2 runed translucent doors, LustLizard's ghost, amateur OpSh


Innate Abilities, Weirdness & Mutations

You have hoof-like feet.
You are partially covered in icy blue scales. (AC +2)
You may rarely emit foul miasma when damaged in melee.
Spells you cast may paralyse adjacent enemies.


Message History

You kill the two-headed ogre!
Training target 7.0 for Spellcasting reached!
Your Spellcasting skill increases to level 7!
You need to enable at least one skill for training.
Training target 2.0 for Translocations reached!
Your Translocations skill gained 2 levels and is now at level 2!
You need to enable at least one skill for training.
Training target 3.0 for Fighting reached!
Your Fighting skill increases to level 3!
You need to enable at least one skill for training.
You have reached level 9!
Your experience leads to an increase in your attributes!
Increase (S)trength, (I)ntelligence, or (D)exterity?
You feel clever. x2
You start resting.
Your magical contamination has completely faded away.
You start resting.
A two-headed ogre is nearby!
You close the door.
Aiming: Polymorph
Press: ? - help, Q - select action, (/) - cycle Shift-Dir - straight line, f - two-headed ogre
Aim: a two-headed ogre, wielding two +0 giant clubs (will become a swamp worm, an ettin, or a shock serpent, chance to affect: 31%)
The two-headed ogre easily resists.
Casting: Dazzling Flash (dangerous; 5% risk of failure)
Confirm with . or Enter, or press ? or * to list all spells.
Casting: Dazzling Flash (dangerous; 5% risk of failure)
Press: ? - help, Dir - look around, f - activate The two-headed ogre is dazzled.
Malevolent energies surge around you.
Unknown command.
Casting: Dazzling Flash (dangerous; 5% risk of failure)
Confirm with . or Enter, or press ? or * to list all spells.
Aiming: Passwall (safe; 17% risk of failure)
Press: ? - help, Dir - move target A rock wall.
Malevolent energies surge around you.
The two-headed ogre is no longer blind.
You begin to meditate on the wall.
You continue meditating on the rock.
The two-headed ogre hits you with a +0 giant club!!
* * * LOW HITPOINT WARNING * * *
The two-headed ogre hits you with a +0 giant club!
You die...

... ..# .####.##
#....# .......##
#....# ........#
#....# #.......#
#....# #.###...##
#....# #..(.....##
#....# ?..#......##
#....#
##.#.###...#####@...#
?.O#...........#O...#
#.....#.......)+....#
#.###.#.###O...#....#
#.. ..#........#....#
...#.....#..........#
##.#.###.#.###......#
.#.....#..........#
..................#


You could see a two-headed ogre.

Vanquished Creatures
  A two-headed ogre (D:6)
  Duvessa (D:5)
  An ice beast (D:5)
  2 ogres
  2 centaurs (D:6)
  2 kobold brigands (Sewer)
  A gnoll sergeant (D:5)
  3 scorpions (D:5)
  Dowan (D:5)
  A howler monkey (D:6)
  A jelly (D:6)
  A gnoll bouda (D:6)
  An orc priest (D:4)
  4 hounds
  2 iguanas
  An orc wizard (D:5)
  17 gnolls
  6 adders
  A white imp (D:6)
  2 worms
  A dart slug (D:4)
  13 orcs
  4 bats
  5 endoplasms
  5 giant cockroaches
  7 hobgoblins
  10 jackals
  7 quokkas
  A training dummy (D:5)
  8 ball pythons
  6 frilled lizards
  6 goblins
  20 kobolds
  9 rats
153 creatures vanquished.

Vanquished Creatures (others)
  14 fulminant prisms
14 creatures vanquished.

Grand Total: 167 creatures vanquished

Notes
Turn   | Place    | Note
-------+----------+-------------------------------------------
     0 | D:1      | xSliceyx the Demonspawn Conjurer began the quest for the
                  | Orb.
     0 | D:1      | Reached XP level 1. HP: 13/13 MP: 3/3
   176 | D:1      | Found Rorimp's Jewellery Boutique.
   301 | D:1      | Gained mutation: Spells you cast may paralyse adjacent
                  | enemies. [demonic ancestry]
   301 | D:1      | Reached XP level 2. HP: 19/19 MP: 0/5
   382 | D:1      | Found Laotwu's Distillery.
   466 | D:1      | Learned a level 2 spell: Searing Ray
   757 | D:1      | Found Zucummaagg's Weapon Boutique.
   862 | D:1      | Reached XP level 3. HP: 24/24 MP: 4/7
  1138 | D:2      | Found a faded altar of an unknown god.
  1231 | D:2      | Learned a level 2 spell: Sublimation of Blood
  1413 | D:2      | Gained mutation: You have large cloven feet. [demonic
                  | ancestry]
  1413 | D:2      | Reached XP level 4. HP: 30/30 MP: 1/10
  2160 | D:1      | Bought a potion of heal wounds for 50 gold pieces
  2209 | D:3      | Noticed an ogre
  2226 | D:3      | Noticed LeprechaunX's ghost (amateur OpSh)
  2227 | D:3      | Found a transporter.
  2227 | D:3      | Noticed an ogre
  2229 | D:3      | Noticed an ogre
  2232 | D:3      | Found a transporter.
  2442 | D:3      | Found a blossoming altar of Fedhas.
  2446 | D:3      | Learned a level 2 spell: Passwall
  3175 | D:4      | Noticed an ogre
  3301 | D:4      | Reached skill level 5 in Spellcasting
  3301 | D:4      | Reached XP level 5. HP: 22/35 MP: 2/12
  3397 | D:4      | Killed an ogre
  3398 | D:4      | Reached skill level 5 in Conjurations
  3784 | D:4      | Reached skill level 1 in Fighting
  3868 | D:4      | Gained mutation: You are partially covered in icy blue
                  | scales. (AC +2) [demonic ancestry]
  3868 | D:4      | Reached XP level 6. HP: 43/43 MP: 11/13
  4223 | D:4      | Found a stormy altar of Qazlal.
  4288 | D:5      | Entered Level 5 of the Dungeon
  4394 | D:5      | Gained mutation: You may rarely emit foul miasma when
                  | damaged in melee. [demonic ancestry]
  4394 | D:5      | Reached XP level 7. HP: 25/50 MP: 1/16
  4447 | D:5      | Found a runed translucent door.
  4455 | D:5      | Noticed LustLizard's ghost (amateur OpSh)
  4524 | D:5      | Learned a level 4 spell: Fulminant Prism
  4528 | D:5      | Found a glowing drain.
  4547 | Sewer    | Entered a sewer
  5242 | D:5      | Reached skill level 1 in Hexes
  5342 | D:5      | Found a runed translucent door.
  5631 | D:5      | Noticed Duvessa
  5631 | D:5      | Noticed Dowan
  5856 | D:1      | Bought a ring of magical power for 280 gold pieces
  6015 | D:5      | Killed Dowan
  6016 | D:5      | Reached skill level 1 in Shields
  6016 | D:5      | Gained mutation: You have hoof-like feet. [demonic
                  | ancestry]
  6016 | D:5      | Reached XP level 8. HP: 28/56 MP: 13/17
  6019 | D:5      | Killed Duvessa
  6114 | D:5      | Learned a level 3 spell: Dazzling Flash
  6119 | D:5      | Learned a level 4 spell: Iskenderun's Mystic Blast
  6280 | D:6      | Noticed a two-headed ogre
  6353 | D:6      | Noticed a two-headed ogre
  6527 | D:6      | Found a broken altar of Ashenzari.
  6908 | D:6      | Reached skill level 5 in Shields
  7080 | D:6      | Killed a two-headed ogre
  7081 | D:6      | Reached XP level 9. HP: 19/63 MP: 7/19
  7101 | D:6      | Mangled by a two-headed ogre

Illustrated notes

Levels and vault maps discovered:
D:1:      tarquinn_simple_flora_water_f, layout_loops_cross, serial_shops,
          nicolae_shop_real_fake_doors, shop, nicolae_shop_window_shopping
D:2:      layout_loops_ring, basic_ecumenical_altar
D:3:      layout_loops_ring, mainiacjoe_overflow_paths, gammafunk_ghost_smash
D:4:      layout_basic, mainiacjoe_overflow_surrounded_room,
          nicolae_qazlal_eye_of_the_storm, chequers_serial_rivers_marsh
D:5:      dreamdust_elfheim, layout_rooms, ebering_ghost_sewer_f,
          gup_sewer_entry_pipe
D:6:      hangedman_cross_stitches, layout_gridville, evilmike_ruin_ashenzari,
          minmay_temple_entry_statues_pillars, serial_shops,
          nicolae_shop_advertising_works [nicolae_subvault_shop_adworks], shop,
          dreamdust_gnoll_farm

Skill      XL: |  1  2  3  4  5  6  7  8 |
---------------+-------------------------+-----
Spellcasting   | 3 4 5 6 7 |  7.0
Conjurations   | 5 7 |  7.1
Fighting       | 1 2 3 |  3.0
Hexes          | 2 |  2.0
Shields        | 1 5 |  5.0
Necromancy     | 2 |  2.0
Translocations | 2 |  2.0
Dodging        | |  1.7
Stealth        | |  1.7

Action                     |  1- 3 |  4- 6 |  7- 9 || total
---------------------------+-------+-------+-------++-------
  Melee: Whip              |     9 |       |       ||     9
         Spear             |       |    12 |    22 ||    34
         Kick              |       |     4 |     8 ||    12
         Dagger            |       |       |     2 ||     2
   Cast: Magic Dart        |    54 |    78 |    39 ||   171
         Searing Ray       |     3 |    14 |    30 ||    47
         Fulminant Prism   |       |       |    14 ||    14
         Dazzling Flash    |       |       |     3 ||     3
         Sublimation of Bl |       |       |     1 ||     1
         Passwall          |       |       |     1 ||     1
  Evoke: Wand              |       |     5 |     6 ||    11
    Use: Potion            |       |     1 |     1 ||     2
         Scroll            |       |       |     5 ||     5
   Stab: Paralysed         |     2 |     2 |       ||     4
 Armour: Robe              |     5 |    10 |    10 ||    25
  Dodge: Dodged            |     6 |    18 |    33 ||    57

Table legend: (Time is in decaauts)
 A = Elapsed time spent in this place.
 B = Non-inter-level travel time spent in this place.
 C = Inter-level travel time spent in this place.
 D = Time resting spent in this place.
 E = Time spent auto-exploring this place.
 F = Levels seen in this place.
 G = Mean time per level.
                   A        B        C        D        E       F      G
               +--------+--------+--------+--------+--------+-----+--------+
         Total |   7141 |   6422 |    719 |   1396 |   3654 |   7 | 1020.1 |
       Dungeon |   6467 |   5748 |    719 |   1083 |   3601 |   6 | 1077.8 |
         Sewer |    674 |    674 |      0 |    313 |     52 |   1 |  674.0 |
               +--------+--------+--------+--------+--------+-----+--------+

Top non-repeatable levels by time:
     D:5: 1257 daAuts
     D:1: 1199 daAuts
     D:3: 1126 daAuts
     D:4: 1107 daAuts
     D:2: 1106 daAuts
   Sewer: 674 daAuts
     D:6: 670 daAuts
